 Dungeon Crawl Stone Soup version 0.17-a0-1646-geb1493d (webtiles) character file.

290 karlkraus the Shield-Bearer (level 6, -3/55 HPs)
             Began as a Minotaur Fighter on Aug 12, 2015.
             Slain by an orc
             ... wielding a +0 trident
              (5 damage)
             ... on level 4 of the Dungeon.
             The game lasted 00:06:33 (1916 turns).

karlkraus the Shield-Bearer (Minotaur Fighter)      Turns: 1916, Time: 00:06:34

Health: -3/55      AC:  5    Str: 21    XL:     6   Next: 9%
Magic:  5/5        EV: 10    Int:  5    God:
Gold:   129        SH: 10    Dex: 11    Spells: 0 memorised, 5 levels left

rFire  . . .     SeeInvis .     a - +0 flail
rCold  . . .     Clarity  .     q - +2 leather armour {rPois}
rNeg   . . .     SustAt   .     c - +0 shield
rPois  +         Gourm    .     (helmet restricted)
rElec  .         Spirit   .     (no cloak)
rCorr  .         Warding  .     (no gloves)
rMut   .         Stasis   .     (no boots)
MR     .....                    (no amulet)
Stlth  +.........               (no ring)
                                (no ring)

@: not resistant to hostile enchantments, very unstealthy
A: retaliatory headbutt, horns 2
a: no special abilities


You were on level 4 of the Dungeon.
You were hungry.

You visited 1 branch of the dungeon, and saw 4 of its levels.

You collected 129 gold pieces.

Inventory:

Hand weapons
 a - a +0 flail (weapon)
Armour
 c - a +0 shield (worn)
 q - a +2 leather armour of poison resistance (worn)
Scrolls
 b - a scroll of fog {unknown}
 f - 2 scrolls of blinking {unknown}
 g - 2 scrolls of remove curse {unknown}
 i - 2 scrolls of identify {unknown}
 k - 3 scrolls of recharging {unknown}
 l - a scroll of amnesia {unknown}
 m - 3 scrolls of teleportation {unknown}
 t - a scroll of magic mapping {unknown}
 v - a scroll of immolation {unknown}
 w - 3 scrolls of random uselessness {unknown}
Potions
 d - 2 potions of might
 h - a potion of heal wounds {unknown}
 n - a potion of magic {unknown}
 p - a potion of lignification {unknown}
 r - 2 potions of flight {unknown}
 s - a potion of brilliance {unknown}
 u - a potion of poison {unknown}
Comestibles
 e - a bread ration
 j - 2 fruits
 o - a beef jerky
 x - 2 chunks of flesh


   Skills:
 + Level 4.9 Fighting
 + Level 3.9 Maces & Flails
 + Level 4.5 Armour
 + Level 2.7 Dodging
 + Level 0.1 Stealth
 + Level 5.2 Shields


You had 5 spell levels left.
You didn't know any spells.

Dungeon Overview and Level Annotations

Branches:
Dungeon (4/15)
 Temple: D:4-7

Altars:
Gozag
Vehumet

Shops:
D:2 *


Innate Abilities, Weirdness & Mutations

You reflexively headbutt those who attack you in melee.
You have a pair of horns on your head.


Message History

You closely miss the orc wizard.
The orc wizard is almost dead.
The orc wizard hits you with a dagger.
* * * LOW HITPOINT WARNING * * *
The orc hits you but does no damage.
You closely miss the orc wizard.
The orc wizard is almost dead.
The orc wizard misses you. The orc closely misses you.
The orc wizard gestures at you while chanting.
The puff of flame hits you!
* * * LOW HITPOINT WARNING * * *
You closely miss the orc wizard.
The orc wizard is almost dead.
The orc closely misses you.
The orc wizard hits you but does no damage.
You closely miss the orc wizard.
The orc wizard is almost dead.
The orc wizard misses you.
The orc hits you from afar with a trident.
You die...

.+................[..
.#..................
.##...###.##.##.##.#
.##...###.##'##+##.###
.##........#.........+
...........+..)......#
.##..###.###..####./##
.##..###.###+#####..###..
........>#>....)@........#
.........#....o)o........#
###......#..........##...#
.##......+...........#####
.##..##'###.######...#
.##+###..##.# #####
.......<....+
...........[#
......[.....#


You could see an orc wizard and an orc.

Vanquished Creatures
  An ogre (D:4)
  An orc priest (D:3)
  Ijyb (D:2)
  An orc wizard (D:4)
  3 adders (D:2)
  An ooze (D:1)
  A worm (D:3)
  2 giant geckos
  6 orcs
  10 bats
  3 giant cockroaches
  16 goblins
  8 hobgoblins
  8 jackals
  9 kobolds
  5 giant newts
  A quokka (D:2)
  7 rats
84 creatures vanquished.

Notes
Turn   | Place    | Note
--------------------------------------------------------------
     0 | D:1      | karlkraus the Minotaur Fighter began the quest for the Orb.
     0 | D:1      | Reached XP level 1. HP: 19/19 MP: 0/0
   105 | D:1      | Reached XP level 2. HP: 20/27 MP: 1/1
   125 | D:1      | Reached skill level 4 in Armour
   394 | D:1      | Reached XP level 3. HP: 33/33 MP: 2/2
   542 | D:2      | Found an opulent altar of Gozag.
   544 | D:2      | Found Gozag's Platinum Reserve.
   729 | D:2      | Reached XP level 4. HP: 32/40 MP: 3/3
   783 | D:2      | Noticed Ijyb
   799 | D:2      | Killed Ijyb
   799 | D:2      | Reached skill level 1 in Dodging
  1010 | D:2      | Found a radiant altar of Vehumet.
  1189 | D:3      | Reached XP level 5. HP: 19/47 MP: 4/4
  1195 | D:3      | HP: 1/47 [orc priest/club (4)]
  1857 | D:4      | Noticed an ogre
  1862 | D:4      | Killed an ogre
  1862 | D:4      | Reached skill level 5 in Shields
  1908 | D:4      | Reached XP level 6. HP: 22/55 MP: 5/5
  1914 | D:4      | HP: 1/55 [orc wizard/puff of flame (8)]
  1916 | D:4      | Slain by an orc

Vault maps used:
D:1:      roderic_dead_forest, minmay_misc_feat_roman
D:2:      kennysheep_goblin_castle, vehumet_crystals,
          nicolae_gozag_zags_fifth_avenue
D:3:      first_bread
D:4:      minmay_temple_entry_poolview, hangedman_minor_gate_pass, uniq_robin,
          uniq_menkaure

Action                   |  1- 3 |  4- 6 || total
-------------------------+-------+-------++-------
Melee: Flail             |    80 |   126 ||   206
  Eat: Chunk             |       |     3 ||     3
